 Dungeon Crawl Stone Soup version 0.19-a0-1057-g15bb84d (webtiles) character file.

25 mopl the Caller (level 3, 0/19 HPs)
             Began as a Tengu Summoner on Aug 2, 2016.
             Succumbed to a kobold's poison
             ... on level 1 of the Dungeon.
             The game lasted 00:02:45 (1026 turns).

mopl the Caller (Tengu Summoner)                    Turns: 1026, Time: 00:02:45

Health: 0/19       AC:  2    Str: 10    XL:     3   Next: 4%
Magic:  6/8        EV: 12    Int: 13    God:
Gold:   39         SH:  0    Dex: 14    Spells: 2 memorised, 4 levels left

rFire  . . .     SeeInvis .     (no weapon)
rCold  . . .     Gourm    .     a - +0 robe
rNeg   . . .     Faith    .     (no shield)
rPois  .         Spirit   .     (helmet restricted)
rElec  .         Dismiss  .     (no cloak)
rCorr  .         Reflect  .     (no gloves)
SustAt .         Harm     .     (boots unavailable)
MR     .....                    (no amulet)
Stlth  ++........               (no ring)
                                i - -3 ring of intelligence (curse)

@: lethally poisoned (0 -> -21), not resistant to hostile enchantments,
unstealthy
A: beak, talons 3, strong 1
a: no special abilities


You were on level 1 of the Dungeon.
You were hungry.

You visited 1 branch of the dungeon, and saw 1 of its levels.

You collected 39 gold pieces.

Inventory:

Armour
 a - a +0 robe (worn)
Jewellery
 i - a cursed -3 ring of intelligence (left hand)
Scrolls
 e - a scroll of identify {unknown}
 h - a scroll of noise {unknown}
 l - a scroll of fear {unknown}
Potions
 f - a potion of haste
 j - a potion of brilliance {unknown}
 k - a potion of berserk rage {unknown}
Books
 b - a book of Callings

   Spells                             Type                      Level
   a - Summon Small Mammal            Summoning                    1
   b - Call Imp                       Summoning                    2
   c - Call Canine Familiar           Summoning                    3
   d - Summon Guardian Golem          Hexes/Summoning              3
   e - Summon Lightning Spire         Summoning/Air                4
   f - Summon Ice Beast               Ice/Summoning                4
Comestibles
 c - a bread ration
 d - a slice of pizza
 m - 3 chunks of flesh


   Skills:
 - Level 2.1 Dodging
 - Level 2.0 Stealth
 + Level 2.6 Spellcasting
 + Level 5.3 Summonings


You had 4 spell levels left.
You knew the following spells:

 Your Spells              Type           Power        Failure   Level  Hunger
a - Summon Small Mammal   Summ           ###.         2%          1    #......
b - Call Imp              Summ           ###.....     4%          2    ###....


Dungeon Overview and Level Annotations

Branches:
Dungeon (1/15)

Altars:


Innate Abilities, Weirdness & Mutations

You have a beak for a mouth.
You have claws for feet.
Your muscles are strong. (Str +2)


Message History

Confirm with . or Enter, or press ? or * to list all spells.
A beastly little devil appears in a puff of frigid air.
You are feeling hungry.
You feel sick.
The kobold hits you with a dagger of venom.
You are more poisoned.
You feel sick.
You feel sick.
You feel sick.
Your white imp barely misses the kobold.
* * * LOW HITPOINT WARNING * * *
You feel sick. The kobold misses you.
* * * LOW HITPOINT WARNING * * *
You feel sick.
* * * LOW HITPOINT WARNING * * *
You feel sick.
It was a potion of beneficial mutation.
You feel stronger.
You feel fantastic!
You die...

..# ####.....### #####.#
##..##.##..# ...#.#
###.####+####.
##.#.###.........)... #
#........######'#####
#.#..#+#...............
#......5...#.####+####.
#.....K....##..##.##..#
#.....@..######.....###
#........# #####.####. #........#
#...#.#..#. ##.......#
#...#)##.#.
#........#####'#.....#. ..
..............>.........
......#.#.#.#.###.#.####.........
>.....+..........................
......#.#.###.#####.######.######


You could see a kobold and a friendly white imp.

Vanquished Creatures
  2 bats (D:1)
  2 goblins (D:1)
  A hobgoblin (D:1)
  A jackal (D:1)
  2 kobolds (D:1)
  A giant newt (D:1)
  4 rats (D:1)
13 creatures vanquished.

Vanquished Creatures (collateral kills)
  2 giant geckos (D:1)
  3 bats (D:1)
  2 giant cockroaches (D:1)
  4 hobgoblins (D:1)
  2 jackals (D:1)
  A kobold (D:1)
14 creatures vanquished.

Grand Total: 27 creatures vanquished

Notes
Turn   | Place    | Note
-------+----------+-------------------------------------------
     0 | D:1      | mopl the Tengu Summoner began the quest for the Orb.
     0 | D:1      | Reached XP level 1. HP: 10/10 MP: 4/4
   150 | D:1      | Reached skill level 5 in Summonings
   197 | D:1      | Reached XP level 2. HP: 14/15 MP: 4/6
   201 | D:1      | Learned a level 2 spell: Call Imp
   686 | D:1      | Reached XP level 3. HP: 6/19 MP: 2/7
  1026 | D:1      | Gained mutation: Your muscles are strong. (Str +2) [potion of beneficial mutation]
  1026 | D:1      | Succumbed to a kobold's poison

Vault maps used:
D:1:      roderic_crop_circles_arrival_small, interstate_on_off,
          minmay_tromino_i2

Skill      XL: |  1 |
---------------+----+-----
Summonings     | 5 |  5.3
Dodging        | |  2.1
Stealth        | |  2.0
Spellcasting   | |  2.6

Action                   || total
-------------------------++-------
Melee: Unarmed           ||    61
       Kick              ||    13
       Peck              ||     8
 Cast: Summon Small Mamm ||     8
       Call Imp          ||    14
  Use: Potion            ||     1
 Stab: Sleeping          ||     2
  Eat: Chunk             ||     1
Armor: Robe              ||    21
Dodge: Dodged            ||    60
